 Dungeon Crawl Stone Soup version 0.19-a0-1675-gc11f27c (webtiles) character file.

42 AlphabetPasta the Skirmisher (level 3, 0/45 HPs)
             Began as a Demigod Wanderer on Sept 22, 2016.
             Slain by a hobgoblin (5 damage)
             ... on level 2 of the Dungeon on Sept 23, 2016.
             The game lasted 00:04:24 (1086 turns).

AlphabetPasta the Skirmisher (Demigod Wanderer)     Turns: 1086, Time: 00:04:26

Health: 0/45       AC: 21    Str: 16    XL:     3   Next: 17%
Magic:  6/6        EV:  2    Int: 17    God:
Gold:   99         SH:  0    Dex: 15    Spells: 0 memorised, 2 levels left

rFire  . . .     SeeInvis .     a - +2 hand axe
rCold  . . .     Gourm    .     (armour currently unavailable)
rNeg   + + +     Faith    .     (no shield)
rPois  +         Spirit   .     (helmet currently unavailable)
rElec  .         Dismiss  .     (cloak currently unavailable)
rCorr  .         Reflect  .     (gloves currently unavailable)
MR     .....     Harm     .     (boots currently unavailable)
Stlth  ++........ NoTele   +    (no amulet)
                                (no ring)
                                (no ring)

@: tree-form
A: high mp 1
a: no special abilities


You were on level 2 of the Dungeon.
You were not hungry.
You were a tree.
You visited 1 branch of the dungeon, and saw 2 of its levels.

You collected 99 gold pieces.

Inventory:

Hand Weapons
 a - a +2 hand axe (weapon)
 b - a +0 shortbow
Missiles
 c - 37 arrows
Armour
 e - a +0 robe
 j - a +1 chain mail (melded)
 n - a +0 plate armour
Jewellery
 i - a +5 ring of dexterity {unknown}
 m - a cursed ring of teleportation {unknown}
Potions
 h - a potion of heal wounds {unknown}
 k - a potion of magic
Comestibles
 f - 3 bread rations
 g - 4 chunks of flesh
 l - a meat ration


   Skills:
 + Level 2.9 Fighting
   Level 1.0 Short Blades
 * Level 2.4 Axes
 * Level 1.4 Bows
 + Level 1.0 Armour
 + Level 1.3 Dodging
 - Level 1.0 Stealth
   Level 1.0 Evocations


You had 2 spell levels left.
You didn't know any spells.

Dungeon Overview and Level Annotations

Branches:
Dungeon (2/15)


Innate Abilities, Weirdness & Mutations

You have an increased reservoir of magic. (+10% MP)


Message History

The hobgoblin hits you but does no damage.
Robin hits you but does no damage. The hobgoblin closely misses you.
You aren't carrying any spellbooks or scrolls.
You turn into a tree.
Your +1 chain mail melds into your body.
Your roots penetrate the ground.
The hobgoblin hits you but does no damage.
Robin hits you but does no damage.
The hobgoblin hits you but does no damage.
Unknown command.
You hit Robin.
You kill Robin!
You have reached level 3!
Your experience leads to a dramatic increase in your attributes!
Increase (S)trength, (I)ntelligence, or (D)exterity?
You feel stronger. x2
You hit the hobgoblin but do no damage. You hit the hobgoblin.
The goblin no longer looks unusually strong.
The hobgoblin hits you.
You die...

.. #.....##..............
#. #.....##.......)......
#.###..((# #.......(......
#..##....# #..............
##.##...(###........#.....
#..g.....#................
#..#.K.((g......#####.....
#.gg....#gg...#.# #.....
#.g.##..#♣#...#.#####.....
#)#.##..#g#.............##
#(#(.#..#)#...............
#g##.#....#...............
#g.(...#####...########...
#.(##..#####.......# #...
#..##..#...........# #...
#g.g #.#.....#.....# #...
...#. #.....#.....# .....


You could see 2 hobgoblins and 2 goblins.

Vanquished Creatures
  Robin (D:2)
  A dart slug (D:1)
  A leopard gecko (D:1)
  A ball python (D:1)
  2 giant cockroaches
  8 goblins
  2 hobgoblins (D:2)
  3 bats
  A frilled lizard (D:1)
  4 kobolds
  2 rats
26 creatures vanquished.

Notes
Turn   | Place    | Note
-------+----------+-------------------------------------------
     0 | D:1      | AlphabetPasta the Demigod Wanderer began the quest for the Orb.
     0 | D:1      | AlphabetPasta set off with: a +2 hand axe, a +0 shortbow, 24 arrows, a potion of lignification, a +0 robe, a bread ration
     0 | D:1      | Reached XP level 1. HP: 18/18 MP: 3/3
   190 | D:1      | Reached skill level 1 in Bows
   333 | D:1      | Reached XP level 2. HP: 25/25 MP: 5/5
  1040 | D:2      | Noticed Robin
  1086 | D:2      | Killed Robin
  1086 | D:2      | Reached XP level 3. HP: 5/30 MP: 6/6
  1086 | D:2      | Slain by a hobgoblin

Vault maps used:
D:1:      lightli_arrival_quake, kennysheep_decorative_pillar
D:2:      first_bread, uniq_robin

Skill      XL: |  1 |
---------------+----+-----
Bows           | 1 |  1.4
Axes           | 2 |  2.4
Fighting       | |  2.9
Short Blades   | |  1.0
Armour         | |  1.0
Dodging        | |  1.3
Stealth        | |  1.0
Evocations     | |  1.0

Action                   || total
-------------------------++-------
Melee: Hand axe          ||    61
 Fire: Shortbow          ||     9
  Use: Scroll            ||     3
       Potion            ||     1
  Eat: Chunk             ||     1
Armor: Chain mail        ||    56
       Skin              ||     3
Dodge: Dodged            ||    29
